WCHLSIM.com - West Coast Hockey League
html PUBLIC "-//W3C//DTD XHTML 1.0 Transitional//EN" "http://www.w3.org/TR/xhtml1/DTD/xhtml1-transitional.dtd"> WCHL - Game 605 - SAN FRANCISCO SPIDERS vs SPOKANE KNIGHTS

SAN FRANCISCO SPIDERS vs SPOKANE KNIGHTS

Created - 14 janvier 2023 at 12:19

Goals
1 2 3 T
SAN FRANCISCO SPIDERS 1 0 2 3
SPOKANE KNIGHTS 1 3 0 4
Shots
1 2 3 T
SAN FRANCISCO SPIDERS 15 10 7 32
SPOKANE KNIGHTS 5 11 8 24

1st period

1. SPOKANE KNIGHTS , Nick Foligno 1 (Matt Irwin 2) at 4:38
2. SAN FRANCISCO SPIDERS , Mark Stone 16 (Andrei Svechnikov 20, Jared McCann 16) at 16:17

Penalties :
Matt Irwin (SPO) for Slashing (Minor) at 5:07, Brady Tkachuk (SPO) for Holding (Minor) at 7:13, Brady Tkachuk (SPO) for High sticking (Minor) at 9:13, Zack Kassian (SAF) for Hooking (Minor) at 9:13

2nd period

3. SPOKANE KNIGHTS , Brady Tkachuk 11 (Sebastian Aho 22, Matthew Tkachuk 8) at 0:32 (PP)
4. SPOKANE KNIGHTS , Corey Perry 10 (Tanner Pearson 14) at 6:21
5. SPOKANE KNIGHTS , Corey Perry 11 (Tanner Pearson 15) at 7:35

Penalties :
Michael Anderson (SAF) for Tripping (Minor) at 0:20

3rd period

6. SAN FRANCISCO SPIDERS , Mark Stone 17 (Andrei Svechnikov 21, Jared McCann 17) at 7:32
7. SAN FRANCISCO SPIDERS , Viktor Arvidsson 8 (Zach Hyman 14, Jordan Staal 23) at 17:40

Penalties :
Matthew Tkachuk (SPO) for Hooking (Minor) at 1:44, Evan Bouchard (SPO) for Hooking (Minor) at 7:35, Erik Gudbranson (SAF) for Roughing (Minor) at 11:15

Goalie Stats

Scott Wedgewood (SAF), 20 saves from 24 shots - (0,833), L, 3-1-0, 59:33 minutes
Frederik Andersen (SPO), 29 saves from 32 shots - (0,906), W, 13-11-4, 60:00 minutes

Players Stats for SAN FRANCISCO SPIDERS

Player Name              G  A  P  +/- PIM S  H  SB GA TA FO     MP     PP MP  PK MP  
------------------------------------------------------------------------------------
Adam Larsson             0  0  0   2  0   1  3  0  0  0  0/0    22:42   4:00   1:18 
Andrei Svechnikov        0  2  2   0  0   5  3  0  0  0  3/4    22:38   3:29   1:03 
Brenden Dillon           0  0  0  -1  0   0  2  0  0  0  0/0    23:22   3:56   1:02 
Connor McMichael         0  0  0   0  0   0  0  0  0  0  1/5     6:24   0:00   0:00 
Darnell Nurse            0  0  0  -1  0   0  0  0  0  0  0/0    18:37   0:00   0:57 
Eeli Tolvanen            0  0  0   0  0   0  0  0  0  0  0/0     6:24   0:00   0:00 
Erik Gudbranson          0  0  0  -1  2   0  0  1  0  0  0/0    19:07   4:00   0:08 
Jared McCann             0  2  2   0  0   3  3  0  0  0  11/30  22:20   4:27   1:01 
Jordan Staal             0  1  1   1  0   3  2  0  0  0  17/25  14:43   0:00   0:00 
Kirby Dach               0  0  0  -1  0   0  0  2  0  0  0/0    10:00   0:00   0:07 
Mark Stone               2  0  2   0  0   5  2  0  0  0  0/9    21:23   4:27   0:00 
Michael Anderson         0  0  0  -1  2   0  0  2  0  0  0/0    15:55   0:00   0:57 
Quinton Byfield          0  0  0  -1  0   0  1  0  0  0  5/9     9:51   0:00   0:00 
Sean Durzi               0  0  0   2  0   1  1  0  0  0  0/0    20:15   3:56   0:00 
Trevor Moore             0  0  0  -1  0   2  0  1  0  0  0/2    14:23   3:29   1:03 
Viktor Arvidsson         1  0  1   1  0   10 0  1  0  0  0/1    21:11   4:27   0:00 
Zach Hyman               0  1  1   1  0   2  1  0  0  0  1/4    20:09   3:29   1:08 
Zack Kassian             0  0  0   0  2   0  0  0  0  0  0/0     6:23   0:00   0:00 

Players Stats for SPOKANE KNIGHTS

Player Name              G  A  P  +/- PIM S  H  SB GA TA FO     MP     PP MP  PK MP  
------------------------------------------------------------------------------------
Alex Formenton           0  0  0   1  0   2  0  0  0  0  0/0     7:23   0:58   0:00 
Brady Tkachuk            1  0  1   0  4   3  2  0  0  0  1/1    19:29   1:13   0:00 
Corey Perry              2  0  2   0  0   5  1  0  0  0  1/2    17:48   0:58   0:00 
Dmitri Jaskin            0  0  0  -1  0   0  0  0  0  0  1/1    11:03   0:00   3:55 
Erik Brannstrom          0  0  0  -1  0   0  0  2  0  0  0/0    22:25   1:13   4:11 
Evan Bouchard            0  0  0  -1  2   0  0  1  0  0  0/0    20:44   0:58   2:50 
Joseph Veleno            0  0  0   1  0   1  2  0  0  0  11/17  10:20   0:00   3:55 
Luke Glendening          0  0  0   0  0   2  2  0  0  0  19/30  20:18   0:00   4:01 
Matt Irwin               0  1  1   0  2   0  0  1  0  0  0/0    17:56   0:00   2:38 
Matthew Tkachuk          0  1  1   0  2   4  2  0  0  0  0/0    19:30   1:13   0:00 
Michael Stone            0  0  0   1  0   0  0  1  0  0  0/0    19:13   0:00   0:41 
Nick Bjugstad            0  0  0  -1  0   0  0  0  0  0  4/10    7:08   0:00   0:00 
Nick Foligno             1  0  1   1  0   2  1  1  0  0  0/0     8:58   0:58   0:00 
Nicolas Deslauriers      0  0  0   1  0   1  5  0  0  0  0/0    20:05   0:58   1:23 
Ryan Ellis               0  0  0   0  0   0  0  1  0  0  0/0    20:09   1:13   4:09 
Sam Carrick              0  0  0  -1  0   0  2  0  0  0  0/0     7:08   0:00   0:00 
Sebastian Aho            0  1  1   0  0   3  0  0  0  0  13/25  19:31   1:13   0:00 
Tanner Pearson           0  2  2   0  0   1  0  1  0  0  1/3    20:52   0:00   4:01 

3 Stars

1 - Corey Perry (SPO)
2 - Mark Stone (SAF)
3 - Nick Foligno (SPO)

Power Play

SAN FRANCISCO SPIDERS - 0 on 4 Attempt(s) - 0,00%
SPOKANE KNIGHTS - 1 on 2 Attempt(s) - 50,00%

Penalty Kill

SAN FRANCISCO SPIDERS - 1 on 2 Attempt(s) - 50,00% - Score 0 goal in Penalty Kill
SPOKANE KNIGHTS - 4 on 4 Attempt(s) - 100,00% - Score 0 goal in Penalty Kill

Team Stat

SAN FRANCISCO SPIDERS - Hits : 18 - Faceoff Wins : 38 - Blocked Shots : 7 - Penalty Minutes : 6
SPOKANE KNIGHTS - Hits : 17 - Faceoff Wins : 51 - Blocked Shots : 8 - Penalty Minutes : 10

Official

Referees : Tim Peel and Eric Furlatt
Linesman : David Brisebois and Derek Nansen

Game Notes

No Game Note

Finance

Level 1 -- Attendance: 8350 (100,00%) -- Ticket Income 1 336 000 $
Level 2 -- Attendance: 5977 (97,98%) -- Ticket Income 699 309 $
Level 3 -- Attendance: 2149 (89,54%) -- Ticket Income 227 794 $
Level 4 -- Attendance: 6000 (100,00%) -- Ticket Income 372 000 $
Luxury Box -- Attendance: 1024 (89,04%) -- Ticket Income 317 440 $
Total Attendance: 23500 (97,92%)
Total Ticket Income: 2 952 543 $
Other Expense: 29 525 $
Total Income: 2 923 018 $

SAN FRANCISCO SPIDERS

5 vs 5 Forward 
   Center                   Left Wing                Right Wing               Time % Phy DF OF 
 1 Jared McCann             Andrei Svechnikov        Mark Stone               38     0   1  4  
 2 Jordan Staal             Zach Hyman               Viktor Arvidsson         37     0   1  4  
 3 Quinton Byfield          Kirby Dach               Trevor Moore             20     0   4  1  
 4 Connor McMichael         Eeli Tolvanen            Zack Kassian             5      0   5  0  

5 vs 5 Defense 
   Defense                  Defense                                           Time % Phy DF OF 
 1 Darnell Nurse            Brenden Dillon                                    35     0   4  1  
 2 Adam Larsson             Sean Durzi                                        35     0   4  1  
 3 Michael Anderson         Erik Gudbranson                                   30     0   5  0  
 4 Michael Anderson         Erik Gudbranson                                   0      0   4  1  

PowerPlay Forward 
   Center                   Left Wing                Right Wing               Time % Phy DF OF 
 1 Jared McCann             Viktor Arvidsson         Mark Stone               50     0   1  4  
 2 Zach Hyman               Andrei Svechnikov        Trevor Moore             50     0   1  4  

PowerPlay Defense
   Defense                  Defense                                           Time % Phy DF OF 
 1 Erik Gudbranson          Adam Larsson                                      50     0   3  2  
 2 Brenden Dillon           Sean Durzi                                        50     0   3  2  

Penalty Kill 4 Players Forward 
   Center                   Wing                     Time % Phy DF OF 
 1 Zach Hyman               Jared McCann             50     0   5  0  
 2 Andrei Svechnikov        Trevor Moore             50     0   5  0  

Penalty Kill 4 Players Defense
   Defense                  Defense                  Time % Phy DF OF 
 1 Darnell Nurse            Adam Larsson             50     0   5  0  
 2 Brenden Dillon           Erik Gudbranson          50     0   5  0  

Penalty Kill - 3 Players Forward 
   Forward                                           Time % Phy DF OF 
 1 Andrei Svechnikov                                 55     0   5  0  
 2 Trevor Moore                                      45     0   5  0  

Penalty Kill - 3 Players Defense
   Defense                  Defense                  Time % Phy DF OF 
 1 Darnell Nurse            Adam Larsson             50     0   5  0  
 2 Brenden Dillon           Erik Gudbranson          50     0   5  0  

4 vs 4 Forward 
   Center                   Wing                     Time % Phy DF OF 
 1 Jared McCann             Zach Hyman               55     0   2  3  
 2 Andrei Svechnikov        Viktor Arvidsson         45     0   2  3  

4 vs 4 Defense
   Defense                  Defense                  Time % Phy DF OF 
 1 Michael Anderson         Adam Larsson             55     0   4  1  
 2 Brenden Dillon           Erik Gudbranson          45     0   4  1  

Last Minutes Offensive
   Center                   Left Wing                Right Wing               Defense                  Defense                  
   Mark Stone               Viktor Arvidsson         Andrei Svechnikov        Darnell Nurse            Adam Larsson             

Last Minutes Defensive
   Center                   Left Wing                Right Wing               Defense                  Defense                  
   Mark Stone               Viktor Arvidsson         Andrei Svechnikov        Darnell Nurse            Adam Larsson             

Goaltenders
Starting : Scott Wedgewood          
Backup : Igor Shesterkin          

Extra Forwards
Normal : Jared McCann, Andrei Svechnikov, Kirby Dach - PP : Jared McCann, Andrei Svechnikov - PK : Kirby Dach
Extra Defensemen
Normal : Adam Larsson, Sean Durzi, Brenden Dillon - PP : Michael Anderson - PK : Adam Larsson, Brenden Dillon
Penalty Shots
Jared McCann, Viktor Arvidsson, Andrei Svechnikov, Mark Stone, Zach Hyman
Custom OT Lines Forwards
Zack Kassian, Viktor Arvidsson, Andrei Svechnikov, Mark Stone, Zach Hyman, Trevor Moore, Jared McCann, Jordan Staal, Kirby Dach, Eeli Tolvanen
Custom OT Lines Defensemen
Sean Durzi, Adam Larsson, Brenden Dillon, Erik Gudbranson, Michael Anderson

Scratches
Bo Horvat (Groin Injury), Sean Walker (Healthy), Trent Frederic (Left Knee Injury)

SPOKANE KNIGHTS

5 vs 5 Forward 
   Center                   Left Wing                Right Wing               Time % Phy DF OF 
 1 Sebastian Aho            Brady Tkachuk            Matthew Tkachuk          35     0   1  4  
 2 Luke Glendening          Tanner Pearson           Corey Perry              35     1   3  1  
 3 Joseph Veleno            Alex Formenton           Nick Foligno             15     1   3  1  
 4 Nick Bjugstad            Dmitri Jaskin            Sam Carrick              15     1   3  1  

5 vs 5 Defense 
   Defense                  Defense                                           Time % Phy DF OF 
 1 Erik Brannstrom          Evan Bouchard                                     30     1   2  2  
 2 Nicolas Deslauriers      Ryan Ellis                                        30     1   2  2  
 3 Michael Stone            Matt Irwin                                        25     1   3  1  
 4 Nicolas Deslauriers      Michael Stone                                     15     1   3  1  

PowerPlay Forward 
   Center                   Left Wing                Right Wing               Time % Phy DF OF 
 1 Sebastian Aho            Brady Tkachuk            Matthew Tkachuk          60     1   1  3  
 2 Nick Foligno             Alex Formenton           Corey Perry              40     1   1  3  

PowerPlay Defense
   Defense                  Defense                                           Time % Phy DF OF 
 1 Ryan Ellis               Erik Brannstrom                                   60     0   1  4  
 2 Evan Bouchard            Nicolas Deslauriers                               40     0   1  4  

Penalty Kill 4 Players Forward 
   Center                   Wing                     Time % Phy DF OF 
 1 Luke Glendening          Tanner Pearson           50     1   3  1  
 2 Joseph Veleno            Dmitri Jaskin            50     1   3  1  

Penalty Kill 4 Players Defense
   Defense                  Defense                  Time % Phy DF OF 
 1 Ryan Ellis               Matt Irwin               60     1   3  1  
 2 Erik Brannstrom          Evan Bouchard            40     1   3  1  

Penalty Kill - 3 Players Forward 
   Forward                                           Time % Phy DF OF 
 1 Sebastian Aho                                     60     0   5  0  
 2 Luke Glendening                                   40     0   5  0  

Penalty Kill - 3 Players Defense
   Defense                  Defense                  Time % Phy DF OF 
 1 Ryan Ellis               Matt Irwin               60     0   5  0  
 2 Michael Stone            Evan Bouchard            40     0   5  0  

4 vs 4 Forward 
   Center                   Wing                     Time % Phy DF OF 
 1 Corey Perry              Nick Foligno             50     1   2  2  
 2 Luke Glendening          Tanner Pearson           50     1   2  2  

4 vs 4 Defense
   Defense                  Defense                  Time % Phy DF OF 
 1 Ryan Ellis               Evan Bouchard            60     1   2  2  
 2 Erik Brannstrom          Nicolas Deslauriers      40     1   2  2  

Last Minutes Offensive
   Center                   Left Wing                Right Wing               Defense                  Defense                  
   Sebastian Aho            Brady Tkachuk            Matthew Tkachuk          Ryan Ellis               Evan Bouchard            

Last Minutes Defensive
   Center                   Left Wing                Right Wing               Defense                  Defense                  
   Sebastian Aho            Tanner Pearson           Matthew Tkachuk          Ryan Ellis               Evan Bouchard            

Goaltenders
Starting : Frederik Andersen        
Backup : David Rittich            

Extra Forwards
Normal : Nick Foligno, Nicolas Deslauriers, Joseph Veleno - PP : Nick Foligno, Joseph Veleno - PK : Luke Glendening
Extra Defensemen
Normal : Matt Irwin, Erik Brannstrom, Nicolas Deslauriers - PP : Ryan Ellis - PK : Nicolas Deslauriers, Erik Brannstrom
Penalty Shots
Brady Tkachuk, Sebastian Aho, Matthew Tkachuk, Nick Bjugstad, Alex Formenton
Custom OT Lines Forwards
Sebastian Aho, Matthew Tkachuk, Brady Tkachuk, Tanner Pearson, Corey Perry, Nick Foligno, Alex Formenton, Luke Glendening, Sam Carrick, Nick Bjugstad
Custom OT Lines Defensemen
Ryan Ellis, Evan Bouchard, Erik Brannstrom, Nicolas Deslauriers, Matt Irwin

Scratches
Kris Russell (Lacerated Left Calf Injury), Dryden Hunt (Healthy), Mitchell Stephens (Concussion Injury)

% Time on Ice - SAN FRANCISCO SPIDERS

Lines # - Real PCT - Wanted PCT - Time Play
Normal Forward
1 - 34% - 38% - 16:05
2 - 31% - 37% - 14:43
3 - 21% - 20% - 9:51
4 - 14% - 5% - 6:24
Normal Defense
1 - 35% - 35% - 16:34
2 - 35% - 35% - 16:19
3 - 30% - 30% - 14:10
4 - 0% - 0% - 0:00
PP Forward
1 - 56% - 50% - 4:27
2 - 44% - 50% - 3:29
PP Defense
1 - 50% - 50% - 4:00
2 - 50% - 50% - 3:56
PK Forward
1 - 52% - 50% - 1:08
2 - 48% - 50% - 1:03
PK Defense
1 - 38% - 50% - 0:50
2 - 62% - 50% - 1:21
PK3 Forward
1 - 0% - 55%
2 - 0% - 45%
PK3 Defense
1 - 0% - 50%
2 - 0% - 50%
44 Forward
1 - 41% - 55% - 0:49
2 - 59% - 45% - 1:10
44 Defense
1 - 41% - 55% - 0:49
2 - 59% - 45% - 1:10
Last Minute Offensive  - 0:51
Last Minute Defensive  - 0:00
Total
Forward - 60:00
Defense - 60:00

% Time on Ice - SPOKANE KNIGHTS

Lines # - Real PCT - Wanted PCT - Time Play
Normal Forward
1 - 39% - 35% - 18:18
2 - 33% - 35% - 15:39
3 - 13% - 15% - 6:15
4 - 15% - 15% - 7:08
Normal Defense
1 - 33% - 30% - 15:46
2 - 25% - 30% - 11:51
3 - 31% - 25% - 14:45
4 - 10% - 15% - 4:58
PP Forward
1 - 56% - 60% - 1:13
2 - 44% - 40% - 0:58
PP Defense
1 - 56% - 60% - 1:13
2 - 44% - 40% - 0:58
PK Forward
1 - 51% - 50% - 4:01
2 - 49% - 50% - 3:55
PK Defense
1 - 43% - 60% - 3:23
2 - 57% - 40% - 4:33
PK3 Forward
1 - 0% - 60%
2 - 0% - 40%
PK3 Defense
1 - 0% - 60%
2 - 0% - 40%
44 Forward
1 - 60% - 50% - 1:11
2 - 40% - 50% - 0:48
44 Defense
1 - 60% - 60% - 1:11
2 - 40% - 40% - 0:48
Last Minute Offensive  - 0:00
Last Minute Defensive  - 0:34
Total
Forward - 60:00
Defense - 60:00

Play-by-Play

1st period


0:01 of 1st period - Sebastian Aho wins face-off versus Jared McCann in neutral zone.
0:04 of 1st period - Darnell Nurse is hit by Matthew Tkachuk and loses puck.
0:11 of 1st period - Shot by Sebastian Aho.
0:11 of 1st period - Stopped by Scott Wedgewood without a rebound.
0:12 of 1st period - Luke Glendening wins face-off versus Jordan Staal in SAN FRANCISCO SPIDERS zone.
0:12 of 1st period - Ryan Ellis is hit by Adam Larsson and loses puck.
0:46 of 1st period - Shot by Zach Hyman.
0:46 of 1st period - Stopped by Frederik Andersen without a rebound.
0:47 of 1st period - Quinton Byfield wins face-off versus Joseph Veleno in SPOKANE KNIGHTS zone.
1:08 of 1st period - Shot by Nick Foligno.
1:08 of 1st period - Shot Blocked by Michael Anderson.
1:10 of 1st period - Shot by Alex Formenton.
1:10 of 1st period - Shot Misses the Net.
1:12 of 1st period - Shot by Michael Stone.
1:12 of 1st period - Shot Blocked by Kirby Dach.
1:14 of 1st period - Shot by Alex Formenton.
1:14 of 1st period - Deflect By Joseph Veleno.
1:14 of 1st period - Stopped by Scott Wedgewood without a rebound.
1:15 of 1st period - Sebastian Aho wins face-off versus Mark Stone in SAN FRANCISCO SPIDERS zone.
2:12 of 1st period - Darnell Nurse is hit by Sam Carrick and loses puck.
2:18 of 1st period - Mark Stone is hit by Nicolas Deslauriers.
2:58 of 1st period - Off-side.
2:59 of 1st period - Luke Glendening wins face-off versus Connor McMichael in neutral zone.
3:11 of 1st period - Off-side.
3:12 of 1st period - Quinton Byfield wins face-off versus Sebastian Aho in neutral zone.
3:58 of 1st period - Shot by Matthew Tkachuk.
3:58 of 1st period - Stopped by Scott Wedgewood without a rebound.
3:59 of 1st period - Jordan Staal wins face-off versus Luke Glendening in SAN FRANCISCO SPIDERS zone.
4:14 of 1st period - Shot by Viktor Arvidsson.
4:14 of 1st period - Stopped by Frederik Andersen without a rebound.
4:15 of 1st period - Jared McCann wins face-off versus Joseph Veleno in SPOKANE KNIGHTS zone.
4:22 of 1st period - Shot by Andrei Svechnikov.
4:22 of 1st period - Shot Blocked by Nick Foligno.
4:34 of 1st period - Shot by Nick Foligno.
4:34 of 1st period - Shot Misses the Net.
4:36 of 1st period - Shot by Nick Foligno.
4:36 of 1st period - Shot Misses the Net.
4:38 of 1st period - Shot by Nick Foligno.
4:38 of 1st period - Goal by Nick Foligno - SAN FRANCISCO SPIDERS : 0 - SPOKANE KNIGHTS : 1.
4:39 of 1st period - Luke Glendening wins face-off versus Jordan Staal in neutral zone.
4:48 of 1st period - Shot by Zach Hyman.
4:48 of 1st period - Shot Blocked by Ryan Ellis.
5:06 of 1st period - Shot by Viktor Arvidsson.
5:06 of 1st period - Stopped by Frederik Andersen without a rebound.
5:07 of 1st period - Jared McCann wins face-off versus Nick Bjugstad in SPOKANE KNIGHTS zone.
5:07 of 1st period - Minor Penalty to Matt Irwin for Slashing.
5:08 of 1st period - Joseph Veleno wins face-off versus Zach Hyman in SPOKANE KNIGHTS zone.
5:33 of 1st period - Shot by Zach Hyman.
5:33 of 1st period - Stopped by Frederik Andersen without a rebound.
5:34 of 1st period - Luke Glendening wins face-off versus Jared McCann in SPOKANE KNIGHTS zone.
5:40 of 1st period - Icing by Viktor Arvidsson.
5:41 of 1st period - Tanner Pearson wins face-off versus Jared McCann in SAN FRANCISCO SPIDERS zone.
5:44 of 1st period - Shot by Luke Glendening.
5:44 of 1st period - Stopped by Scott Wedgewood without a rebound.
5:45 of 1st period - Luke Glendening wins face-off versus Jared McCann in SAN FRANCISCO SPIDERS zone.
5:58 of 1st period - Shot by Viktor Arvidsson.
5:58 of 1st period - Stopped by Frederik Andersen without a rebound.
5:59 of 1st period - Joseph Veleno wins face-off versus Zach Hyman in SPOKANE KNIGHTS zone.
6:10 of 1st period - Shot by Zach Hyman.
6:10 of 1st period - Shot Blocked by Evan Bouchard.
7:13 of 1st period - Minor Penalty to Brady Tkachuk for Holding.
7:14 of 1st period - Jared McCann wins face-off versus Luke Glendening in SPOKANE KNIGHTS zone.
7:27 of 1st period - Shot by Viktor Arvidsson.
7:27 of 1st period - Stopped by Frederik Andersen without a rebound.
7:28 of 1st period - Luke Glendening wins face-off versus Trevor Moore in SPOKANE KNIGHTS zone.
8:13 of 1st period - Shot by Mark Stone.
8:13 of 1st period - Deflect By Jared McCann.
8:13 of 1st period - Shot Misses the Net.
8:15 of 1st period - Shot by Viktor Arvidsson.
8:15 of 1st period - Stopped by Frederik Andersen without a rebound.
8:16 of 1st period - Luke Glendening wins face-off versus Jared McCann in SPOKANE KNIGHTS zone.
9:13 of 1st period - Minor Penalty to Brady Tkachuk for High sticking.
9:13 of 1st period - Minor Penalty to Zack Kassian for Hooking.
9:14 of 1st period - Corey Perry wins face-off versus Jared McCann in neutral zone.
10:14 of 1st period - Shot by Viktor Arvidsson.
10:14 of 1st period - Shot Blocked by Erik Brannstrom.
12:15 of 1st period - Off-side.
12:16 of 1st period - Joseph Veleno wins face-off versus Connor McMichael in neutral zone.
12:23 of 1st period - Connor McMichael is hit by Joseph Veleno and loses puck.
12:36 of 1st period - Eeli Tolvanen is hit by Nicolas Deslauriers and loses puck.
13:03 of 1st period - Eeli Tolvanen is hit by Nicolas Deslauriers.
14:45 of 1st period - Off-side.
14:46 of 1st period - Quinton Byfield wins face-off versus Sebastian Aho in neutral zone.
14:46 of 1st period - Trevor Moore is hit by Matthew Tkachuk and loses puck.
15:09 of 1st period - Shot by Trevor Moore.
15:09 of 1st period - Stopped by Frederik Andersen without a rebound.
15:10 of 1st period - Jared McCann wins face-off versus Nick Bjugstad in SPOKANE KNIGHTS zone.
15:11 of 1st period - Shot by Andrei Svechnikov.
15:11 of 1st period - Stopped by Frederik Andersen without a rebound.
15:12 of 1st period - Nick Bjugstad wins face-off versus Mark Stone in SPOKANE KNIGHTS zone.
15:12 of 1st period - Nick Bjugstad is hit by Jared McCann.
15:30 of 1st period - Shot by Jared McCann.
15:30 of 1st period - Shot Misses the Net.
15:32 of 1st period - Shot by Adam Larsson.
15:32 of 1st period - Stopped by Frederik Andersen without a rebound.
15:33 of 1st period - Jordan Staal wins face-off versus Sebastian Aho in SPOKANE KNIGHTS zone.
16:11 of 1st period - Off-side.
16:12 of 1st period - Jared McCann wins face-off versus Luke Glendening in neutral zone.
16:17 of 1st period - Shot by Mark Stone.
16:17 of 1st period - Goal by Mark Stone - SAN FRANCISCO SPIDERS : 1 - SPOKANE KNIGHTS : 1.
16:18 of 1st period - Luke Glendening wins face-off versus Mark Stone in neutral zone.
16:37 of 1st period - Shot by Mark Stone.
16:37 of 1st period - Shot Misses the Net.
16:39 of 1st period - Shot by Andrei Svechnikov.
16:39 of 1st period - Stopped by Frederik Andersen without a rebound.
16:40 of 1st period - Sebastian Aho wins face-off versus Jordan Staal in SPOKANE KNIGHTS zone.
16:40 of 1st period - Matthew Tkachuk is hit by Zach Hyman and loses puck.
16:53 of 1st period - Shot by Jordan Staal.
16:53 of 1st period - Stopped by Frederik Andersen without a rebound.
16:54 of 1st period - Jared McCann wins face-off versus Tanner Pearson in SPOKANE KNIGHTS zone.
17:24 of 1st period - Tanner Pearson is hit by Adam Larsson and loses puck.
18:19 of 1st period - Shot by Viktor Arvidsson.
18:19 of 1st period - Deflect By Jordan Staal.
18:19 of 1st period - Stopped by Frederik Andersen without a rebound.
18:20 of 1st period - Nick Bjugstad wins face-off versus Quinton Byfield in SPOKANE KNIGHTS zone.
18:41 of 1st period - Shot by Trevor Moore.
18:41 of 1st period - Stopped by Frederik Andersen without a rebound.
18:42 of 1st period - Luke Glendening wins face-off versus Connor McMichael in SPOKANE KNIGHTS zone.
18:59 of 1st period - Tanner Pearson is hit by Brenden Dillon and loses puck.
19:49 of 1st period - Matthew Tkachuk is hit by Brenden Dillon and loses puck.
Goals for this period are 1 for SAN FRANCISCO SPIDERS vs 1 for SPOKANE KNIGHTS.
Shots for this period are 15 for SAN FRANCISCO SPIDERS vs 5 for SPOKANE KNIGHTS.

2nd period


0:01 of 2nd period - Luke Glendening wins face-off versus Jared McCann in neutral zone.
0:01 of 2nd period - Tanner Pearson is hit by Andrei Svechnikov.
0:06 of 2nd period - Off-side.
0:07 of 2nd period - Andrei Svechnikov wins face-off versus Luke Glendening in neutral zone.
0:12 of 2nd period - Tanner Pearson is hit by Andrei Svechnikov and loses puck.
0:20 of 2nd period - Minor Penalty to Michael Anderson for Tripping.
0:21 of 2nd period - Andrei Svechnikov wins face-off versus Sebastian Aho in SAN FRANCISCO SPIDERS zone.
0:30 of 2nd period - Shot by Sebastian Aho.
0:30 of 2nd period - Stopped by Scott Wedgewood with a rebound.
0:32 of 2nd period - Shot by Brady Tkachuk.
0:32 of 2nd period - Goal by Brady Tkachuk - SAN FRANCISCO SPIDERS : 1 - SPOKANE KNIGHTS : 2.
0:33 of 2nd period - Jordan Staal wins face-off versus Corey Perry in neutral zone.
1:03 of 2nd period - Shot by Viktor Arvidsson.
1:03 of 2nd period - Stopped by Frederik Andersen without a rebound.
1:04 of 2nd period - Sebastian Aho wins face-off versus Mark Stone in SPOKANE KNIGHTS zone.
1:35 of 2nd period - Shot by Sebastian Aho.
1:35 of 2nd period - Deflect By Brady Tkachuk.
1:35 of 2nd period - Stopped by Scott Wedgewood without a rebound.
1:36 of 2nd period - Jordan Staal wins face-off versus Nick Bjugstad in SAN FRANCISCO SPIDERS zone.
1:50 of 2nd period - Viktor Arvidsson is hit by Sam Carrick and loses puck.
3:01 of 2nd period - Shot by Sean Durzi.
3:01 of 2nd period - Shot Blocked by Tanner Pearson.
3:03 of 2nd period - Shot by Sean Durzi.
3:03 of 2nd period - Shot Misses the Net.
3:25 of 2nd period - Shot by Ryan Ellis.
3:25 of 2nd period - Shot Misses the Net.
5:25 of 2nd period - Shot by Zach Hyman.
5:25 of 2nd period - Shot Misses the Net.
5:27 of 2nd period - Shot by Zach Hyman.
5:27 of 2nd period - Shot Misses the Net.
5:29 of 2nd period - Shot by Zach Hyman.
5:29 of 2nd period - Shot Blocked by Erik Brannstrom.
6:21 of 2nd period - Shot by Corey Perry.
6:21 of 2nd period - Goal by Corey Perry - SAN FRANCISCO SPIDERS : 1 - SPOKANE KNIGHTS : 3.
6:22 of 2nd period - Joseph Veleno wins face-off versus Quinton Byfield in neutral zone.
6:47 of 2nd period - Shot by Kirby Dach.
6:47 of 2nd period - Shot Misses the Net.
7:15 of 2nd period - Shot by Corey Perry.
7:15 of 2nd period - Shot Blocked by Trevor Moore.
7:17 of 2nd period - Shot by Luke Glendening.
7:17 of 2nd period - Deflect By Tanner Pearson.
7:17 of 2nd period - Shot Misses the Net.
7:35 of 2nd period - Shot by Corey Perry.
7:35 of 2nd period - Goal by Corey Perry - SAN FRANCISCO SPIDERS : 1 - SPOKANE KNIGHTS : 4.
7:36 of 2nd period - Jordan Staal wins face-off versus Nick Bjugstad in neutral zone.
7:43 of 2nd period - Shot by Sam Carrick.
7:43 of 2nd period - Shot Blocked by Viktor Arvidsson.
7:45 of 2nd period - Shot by Ryan Ellis.
7:45 of 2nd period - Shot Misses the Net.
8:12 of 2nd period - Icing by Sean Durzi.
8:13 of 2nd period - Luke Glendening wins face-off versus Jordan Staal in SAN FRANCISCO SPIDERS zone.
8:28 of 2nd period - Shot by Corey Perry.
8:28 of 2nd period - Stopped by Scott Wedgewood without a rebound.
8:29 of 2nd period - Joseph Veleno wins face-off versus Jared McCann in SAN FRANCISCO SPIDERS zone.
8:30 of 2nd period - Shot by Alex Formenton.
8:30 of 2nd period - Stopped by Scott Wedgewood with a rebound.
8:32 of 2nd period - Shot by Alex Formenton.
8:32 of 2nd period - Shot Misses the Net.
8:34 of 2nd period - Shot by Nick Foligno.
8:34 of 2nd period - Stopped by Scott Wedgewood without a rebound.
8:35 of 2nd period - Jared McCann wins face-off versus Tanner Pearson in SAN FRANCISCO SPIDERS zone.
8:35 of 2nd period - Jared McCann is hit by Luke Glendening.
8:47 of 2nd period - Shot by Andrei Svechnikov.
8:47 of 2nd period - Stopped by Frederik Andersen without a rebound.
8:48 of 2nd period - Joseph Veleno wins face-off versus Jordan Staal in SPOKANE KNIGHTS zone.
9:18 of 2nd period - Icing by Brenden Dillon.
9:19 of 2nd period - Luke Glendening wins face-off versus Viktor Arvidsson in SAN FRANCISCO SPIDERS zone.
9:30 of 2nd period - Shot by Tanner Pearson.
9:30 of 2nd period - Stopped by Scott Wedgewood with a rebound.
9:56 of 2nd period - Shot by Jared McCann.
9:56 of 2nd period - Stopped by Frederik Andersen without a rebound.
9:57 of 2nd period - Jared McCann wins face-off versus Sebastian Aho in SPOKANE KNIGHTS zone.
11:07 of 2nd period - Shot by Kirby Dach.
11:07 of 2nd period - Shot Misses the Net.
11:48 of 2nd period - Shot by Tanner Pearson.
11:48 of 2nd period - Shot Blocked by Kirby Dach.
11:52 of 2nd period - Shot by Tanner Pearson.
11:52 of 2nd period - Shot Misses the Net.
12:37 of 2nd period - Shot by Alex Formenton.
12:37 of 2nd period - Shot Blocked by Erik Gudbranson.
12:39 of 2nd period - Shot by Alex Formenton.
12:39 of 2nd period - Stopped by Scott Wedgewood without a rebound.
12:40 of 2nd period - Andrei Svechnikov wins face-off versus Nick Bjugstad in SAN FRANCISCO SPIDERS zone.
12:49 of 2nd period - Shot by Mark Stone.
12:49 of 2nd period - Stopped by Frederik Andersen without a rebound.
12:50 of 2nd period - Jordan Staal wins face-off versus Nick Bjugstad in SPOKANE KNIGHTS zone.
13:59 of 2nd period - Shot by Jared McCann.
13:59 of 2nd period - Stopped by Frederik Andersen without a rebound.
14:00 of 2nd period - Sebastian Aho wins face-off versus Connor McMichael in SPOKANE KNIGHTS zone.
14:08 of 2nd period - Matthew Tkachuk is hit by Sean Durzi and loses puck.
14:39 of 2nd period - Adam Larsson is hit by Brady Tkachuk.
14:52 of 2nd period - Off-side.
14:53 of 2nd period - Jared McCann wins face-off versus Luke Glendening in neutral zone.
15:11 of 2nd period - Shot by Mark Stone.
15:11 of 2nd period - Stopped by Frederik Andersen without a rebound.
15:12 of 2nd period - Jordan Staal wins face-off versus Joseph Veleno in SPOKANE KNIGHTS zone.
15:17 of 2nd period - Shot by Zach Hyman.
15:17 of 2nd period - Shot Misses the Net.
15:39 of 2nd period - Shot by Evan Bouchard.
15:39 of 2nd period - Shot Blocked by Michael Anderson.
16:33 of 2nd period - Shot by Andrei Svechnikov.
16:33 of 2nd period - Shot Misses the Net.
16:54 of 2nd period - Shot by Andrei Svechnikov.
16:54 of 2nd period - Stopped by Frederik Andersen without a rebound.
16:55 of 2nd period - Sebastian Aho wins face-off versus Quinton Byfield in SPOKANE KNIGHTS zone.
17:50 of 2nd period - Off-side.
17:51 of 2nd period - Nick Bjugstad wins face-off versus Mark Stone in neutral zone.
18:13 of 2nd period - Shot by Mark Stone.
18:13 of 2nd period - Stopped by Frederik Andersen without a rebound.
18:14 of 2nd period - Joseph Veleno wins face-off versus Jordan Staal in SPOKANE KNIGHTS zone.
18:14 of 2nd period - Joseph Veleno is hit by Jordan Staal.
18:24 of 2nd period - Shot by Viktor Arvidsson.
18:24 of 2nd period - Stopped by Frederik Andersen without a rebound.
18:25 of 2nd period - Luke Glendening wins face-off versus Jared McCann in SPOKANE KNIGHTS zone.
18:25 of 2nd period - Luke Glendening is hit by Jared McCann.
18:39 of 2nd period - Andrei Svechnikov is hit by Luke Glendening and loses puck.
19:10 of 2nd period - Shot by Mark Stone.
19:10 of 2nd period - Shot Misses the Net.
19:30 of 2nd period - Shot by Matthew Tkachuk.
19:30 of 2nd period - Stopped by Scott Wedgewood without a rebound.
19:31 of 2nd period - Jordan Staal wins face-off versus Joseph Veleno in SAN FRANCISCO SPIDERS zone.
19:31 of 2nd period - Jordan Staal is hit by Joseph Veleno.
19:51 of 2nd period - Shot by Jordan Staal.
19:51 of 2nd period - Stopped by Frederik Andersen without a rebound.
19:52 of 2nd period - Quinton Byfield wins face-off versus Sebastian Aho in SPOKANE KNIGHTS zone.
Goals for this period are 0 for SAN FRANCISCO SPIDERS vs 3 for SPOKANE KNIGHTS.
Shots for this period are 10 for SAN FRANCISCO SPIDERS vs 11 for SPOKANE KNIGHTS.

3rd period


0:01 of 3rd period - Jordan Staal wins face-off versus Luke Glendening in neutral zone.
0:01 of 3rd period - Jordan Staal is hit by Corey Perry.
0:13 of 3rd period - Icing by Brenden Dillon.
0:14 of 3rd period - Jordan Staal wins face-off versus Sebastian Aho in SAN FRANCISCO SPIDERS zone.
0:14 of 3rd period - Jordan Staal is hit by Brady Tkachuk.
0:28 of 3rd period - Shot by Sebastian Aho.
0:28 of 3rd period - Shot Misses the Net.
0:30 of 3rd period - Shot by Matthew Tkachuk.
0:30 of 3rd period - Stopped by Scott Wedgewood without a rebound.
0:31 of 3rd period - Jared McCann wins face-off versus Luke Glendening in SAN FRANCISCO SPIDERS zone.
1:10 of 3rd period - Icing by Michael Stone.
1:11 of 3rd period - Jordan Staal wins face-off versus Luke Glendening in SPOKANE KNIGHTS zone.
1:27 of 3rd period - Icing by Brenden Dillon.
1:28 of 3rd period - Jordan Staal wins face-off versus Sebastian Aho in SAN FRANCISCO SPIDERS zone.
1:35 of 3rd period - Icing by Evan Bouchard.
1:36 of 3rd period - Sebastian Aho wins face-off versus Jared McCann in SPOKANE KNIGHTS zone.
1:44 of 3rd period - Minor Penalty to Matthew Tkachuk for Hooking.
1:45 of 3rd period - Dmitri Jaskin wins face-off versus Jared McCann in SPOKANE KNIGHTS zone.
1:45 of 3rd period - Dmitri Jaskin is hit by Mark Stone.
1:52 of 3rd period - Icing by Sean Durzi.
1:53 of 3rd period - Joseph Veleno wins face-off versus Jared McCann in SAN FRANCISCO SPIDERS zone.
2:28 of 3rd period - Shot by Viktor Arvidsson.
2:28 of 3rd period - Stopped by Frederik Andersen without a rebound.
2:29 of 3rd period - Zach Hyman wins face-off versus Luke Glendening in SPOKANE KNIGHTS zone.
3:10 of 3rd period - Shot by Andrei Svechnikov.
3:10 of 3rd period - Stopped by Frederik Andersen without a rebound.
3:11 of 3rd period - Joseph Veleno wins face-off versus Mark Stone in SPOKANE KNIGHTS zone.
3:26 of 3rd period - Evan Bouchard is hit by Mark Stone.
3:42 of 3rd period - Shot by Viktor Arvidsson.
3:42 of 3rd period - Shot Misses the Net.
3:52 of 3rd period - Shot by Connor McMichael.
3:52 of 3rd period - Shot Misses the Net.
4:17 of 3rd period - Icing by Brady Tkachuk.
4:18 of 3rd period - Brady Tkachuk wins face-off versus Trevor Moore in SPOKANE KNIGHTS zone.
5:28 of 3rd period - Off-side.
5:29 of 3rd period - Jordan Staal wins face-off versus Luke Glendening in neutral zone.
6:24 of 3rd period - Shot by Mark Stone.
6:24 of 3rd period - Shot Misses the Net.
6:26 of 3rd period - Shot by Brenden Dillon.
6:26 of 3rd period - Shot Misses the Net.
6:28 of 3rd period - Shot by Jared McCann.
6:28 of 3rd period - Stopped by Frederik Andersen without a rebound.
6:29 of 3rd period - Nick Bjugstad wins face-off versus Quinton Byfield in SPOKANE KNIGHTS zone.
6:29 of 3rd period - Nick Bjugstad is hit by Quinton Byfield.
6:58 of 3rd period - Shot by Trevor Moore.
6:58 of 3rd period - Shot Misses the Net.
7:10 of 3rd period - Shot by Kirby Dach.
7:10 of 3rd period - Shot Misses the Net.
7:12 of 3rd period - Shot by Adam Larsson.
7:12 of 3rd period - Shot Blocked by Matt Irwin.
7:32 of 3rd period - Shot by Mark Stone.
7:32 of 3rd period - Goal by Mark Stone - SAN FRANCISCO SPIDERS : 2 - SPOKANE KNIGHTS : 4.
7:33 of 3rd period - Jordan Staal wins face-off versus Sebastian Aho in neutral zone.
7:35 of 3rd period - Minor Penalty to Evan Bouchard for Hooking.
7:36 of 3rd period - Luke Glendening wins face-off versus Jared McCann in SPOKANE KNIGHTS zone.
8:01 of 3rd period - Shot by Viktor Arvidsson.
8:01 of 3rd period - Stopped by Frederik Andersen without a rebound.
8:02 of 3rd period - Joseph Veleno wins face-off versus Zach Hyman in SPOKANE KNIGHTS zone.
8:26 of 3rd period - Shot by Sean Durzi.
8:26 of 3rd period - Stopped by Frederik Andersen without a rebound.
8:27 of 3rd period - Joseph Veleno wins face-off versus Jared McCann in SPOKANE KNIGHTS zone.
9:35 of 3rd period - Shot by Andrei Svechnikov.
9:35 of 3rd period - Shot Misses the Net.
10:16 of 3rd period - Icing by Brenden Dillon.
10:17 of 3rd period - Connor McMichael wins face-off versus Joseph Veleno in SAN FRANCISCO SPIDERS zone.
10:23 of 3rd period - Connor McMichael is hit by Nicolas Deslauriers and loses puck.
10:35 of 3rd period - Off-side.
10:36 of 3rd period - Luke Glendening wins face-off versus Mark Stone in neutral zone.
11:04 of 3rd period - Icing by Erik Gudbranson.
11:05 of 3rd period - Sebastian Aho wins face-off versus Jared McCann in SAN FRANCISCO SPIDERS zone.
11:15 of 3rd period - Minor Penalty to Erik Gudbranson for Roughing.
11:16 of 3rd period - Sebastian Aho wins face-off versus Andrei Svechnikov in SAN FRANCISCO SPIDERS zone.
13:13 of 3rd period - Zach Hyman is hit by Nick Foligno.
13:23 of 3rd period - Shot by Connor McMichael.
13:23 of 3rd period - Shot Blocked by Michael Stone.
14:16 of 3rd period - Shot by Sebastian Aho.
14:16 of 3rd period - Stopped by Scott Wedgewood without a rebound.
14:17 of 3rd period - Quinton Byfield wins face-off versus Sebastian Aho in SAN FRANCISCO SPIDERS zone.
14:24 of 3rd period - Shot by Trevor Moore.
14:24 of 3rd period - Shot Misses the Net.
14:43 of 3rd period - Shot by Matthew Tkachuk.
14:43 of 3rd period - Stopped by Scott Wedgewood without a rebound.
14:44 of 3rd period - Luke Glendening wins face-off versus Mark Stone in SAN FRANCISCO SPIDERS zone.
15:08 of 3rd period - Shot by Corey Perry.
15:08 of 3rd period - Shot Misses the Net.
15:10 of 3rd period - Shot by Tanner Pearson.
15:10 of 3rd period - Deflect By Corey Perry.
15:10 of 3rd period - Shot Misses the Net.
15:12 of 3rd period - Shot by Corey Perry.
15:12 of 3rd period - Stopped by Scott Wedgewood without a rebound.
15:13 of 3rd period - Sebastian Aho wins face-off versus Jordan Staal in SAN FRANCISCO SPIDERS zone.
15:18 of 3rd period - Shot by Brady Tkachuk.
15:18 of 3rd period - Stopped by Scott Wedgewood without a rebound.
15:19 of 3rd period - Jordan Staal wins face-off versus Sebastian Aho in SAN FRANCISCO SPIDERS zone.
15:37 of 3rd period - Erik Brannstrom is hit by Jordan Staal and loses puck.
16:02 of 3rd period - Off-side.
16:03 of 3rd period - Luke Glendening wins face-off versus Jared McCann in neutral zone.
16:08 of 3rd period - Shot by Corey Perry.
16:08 of 3rd period - Stopped by Scott Wedgewood with a rebound.
16:15 of 3rd period - Icing by Andrei Svechnikov.
16:16 of 3rd period - Jared McCann wins face-off versus Joseph Veleno in SAN FRANCISCO SPIDERS zone.
16:26 of 3rd period - Jared McCann is hit by Nicolas Deslauriers and loses puck.
16:34 of 3rd period - Alex Formenton is hit by Adam Larsson and loses puck.
16:41 of 3rd period - Shot by Alex Formenton.
16:41 of 3rd period - Shot Misses the Net.
16:43 of 3rd period - Shot by Nicolas Deslauriers.
16:43 of 3rd period - Stopped by Scott Wedgewood without a rebound.
16:44 of 3rd period - Luke Glendening wins face-off versus Jordan Staal in SAN FRANCISCO SPIDERS zone.
17:03 of 3rd period - Shot by Luke Glendening.
17:03 of 3rd period - Stopped by Scott Wedgewood without a rebound.
17:04 of 3rd period - Sebastian Aho wins face-off versus Jared McCann in SAN FRANCISCO SPIDERS zone.
17:14 of 3rd period - Icing by Andrei Svechnikov.
17:15 of 3rd period - Luke Glendening wins face-off versus Jared McCann in SAN FRANCISCO SPIDERS zone.
17:34 of 3rd period - Icing by Tanner Pearson.
17:35 of 3rd period - Jordan Staal wins face-off versus Luke Glendening in SPOKANE KNIGHTS zone.
17:40 of 3rd period - Shot by Viktor Arvidsson.
17:40 of 3rd period - Goal by Viktor Arvidsson - SAN FRANCISCO SPIDERS : 3 - SPOKANE KNIGHTS : 4.
17:41 of 3rd period - Jordan Staal wins face-off versus Sebastian Aho in neutral zone.
17:53 of 3rd period - Icing by Sebastian Aho.
17:54 of 3rd period - Sebastian Aho wins face-off versus Jared McCann in SPOKANE KNIGHTS zone.
18:43 of 3rd period - Brady Tkachuk is hit by Jared McCann and loses puck.
19:08 of 3rd period - Icing by Matthew Tkachuk.
19:09 of 3rd period - Sebastian Aho wins face-off versus Mark Stone in SPOKANE KNIGHTS zone.
19:09 of 3rd period - Sebastian Aho is hit by Andrei Svechnikov.
19:33 of 3rd period - SAN FRANCISCO SPIDERS, Scott Wedgewood is pulled from the net.
19:53 of 3rd period - Shot by Viktor Arvidsson.
19:53 of 3rd period - Shot Misses the Net.
19:55 of 3rd period - Shot by Andrei Svechnikov.
19:55 of 3rd period - Shot Misses the Net.
19:57 of 3rd period - Shot by Mark Stone.
19:57 of 3rd period - Shot Misses the Net.
19:59 of 3rd period - Shot by Andrei Svechnikov.
19:59 of 3rd period - Shot Misses the Net.
Goals for this period are 2 for SAN FRANCISCO SPIDERS vs 0 for SPOKANE KNIGHTS.
Shots for this period are 7 for SAN FRANCISCO SPIDERS vs 8 for SPOKANE KNIGHTS.


JOHNNY
GAUDREAU
MATTHEW
BOLDY
OWEN
TIPPETT

EAST COAST

HOCKEY LEAGUE

  • 29.PIT6MAN7
  • 30.ATL6NHW2
  • 31.WOR4PET3
  • 32.3RHI4
  • 33.CHIQUE
  • 34.LIMCHA
  • 35.LONTRV
  • 36.BALCHW